 Dungeon Crawl Stone Soup version 0.32-a0-918-g0f22ef8d61 (webtiles) character file.

Game seed: 8289194895119501495

95 ezpacito the Trooper (level 4, 0/31 HPs)
             Began as a Coglin Chaos Knight on Apr 11, 2024.
             Was a Plaything of Xom.
             Succumbed to a gnoll's poison
             ... on level 2 of the Dungeon.
             The game lasted 00:01:29 (1379 turns).

ezpacito the Trooper (Coglin Chaos Knight)          Turns: 1379, Time: 00:01:30

Health: 0/31       AC:  7    Str: 17    XL:     4   Next: 66%
Magic:  4/4        EV:  7    Int: 14    God:    Xom [*.....]
Gold:   103        SH:  0    Dex: 12    Spells: 4/4 levels left

rFire   . . .        a - +0 hand axe (chaos) {Pancho}
rCold   . . .        j - +3 dagger (chaos) {Eunkyung}
rNeg    . . .        l - +0 chain mail
rPois   .            (no helmet)
rElec   .            f - +0 cloak
rCorr   .            e - +0 pair of gloves
SInv    .            (no boots)
Will    .....        (amulet unavailable) Stlth
                     (ring unavailable)
HPRegen 0.25/turn    (ring unavailable)
MPRegen 0.09/turn    (no gizmo)

%: no passive effects
@: mighty, lethally poisoned (0 -> -2), revving
A: off-hand wielding, slow wielding, warmup strikes, no jewellery, clever 1,
deformed body, frail 1, sense surroundings 1, strong 1
a: Invent Gizmo, Renounce Religion


You were on level 2 of the Dungeon.
You worshipped Xom.
You were a special plaything of Xom.
You visited 1 branch of the dungeon, and saw 2 of its levels.

You collected 103 gold pieces.

Inventory:

Hand Weapons
 a - a +0 hand axe of chaos (weapon) {Pancho}
 j - a +3 dagger of chaos (offhand) {Eunkyung}
Missiles
 k - a throwing net (quivered)
Armour
 e - a +0 pair of gloves (worn)
 f - a +0 cloak (worn)
 l - a +0 chain mail (worn)
Scrolls
 g - a scroll of silence {unknown}
 h - a scroll of enchant weapon {unknown}
 i - 2 scrolls of identify
 m - a scroll of vulnerability {unknown}
 n - a scroll of brand weapon
 o - a scroll of teleportation {unknown}


   Skills:
 * Level 3.5 Fighting
 * Level 3.4(3.6) Axes
 * Level 1.2(2.3) Polearms
 * Level 2.2 Armour
 * Level 1.9 Dodging
 + Level 0.4 Stealth
 + Level 0.5 Spellcasting


You had 4 spell levels left.
You didn't know any spells.
Your spell library contained the following spells:

 Spells                   Type           Power      Damage    Failure   Level
 Iskenderun's Battlesphe  Conj           0%         2d6       100%        5
 Bombard                  Conj/Erth      0%         9d1       100%        6
 Spellforged Servitor     Conj/Summ      0%         N/A       100%        7


Dungeon Overview and Level Annotations

Branches:
Dungeon (2/15)

Altars:
Okawaru


Innate Abilities, Weirdness & Mutations

You can wield a second weapon in your off-hand.
It takes a long time for you to wield or remove held weapons.
Your first few attacks do less damage.
You cannot equip rings or amulets.
Your mind is acute. (Int +4, Str/Dex -1)
Armour fits poorly on your strangely shaped body.
You are frail. (-10% HP)
You passively map a small area around you.
Your muscles are strong. (Str +4, Int/Dex -1)


Message History

Your butterfly disappears in a burst of colours!
The gnoll hits you from afar with a +1 spear of venom.
You take 4 damage, and have 13/31 hp.
You swap places.
The gnoll hits you with a +1 spear of venom.
You are poisoned.
The gnoll closely misses you.
You take 2 damage, and have 11/31 hp.
You closely miss the gnoll with your +3 dagger of chaos.
You slash the gnoll with your +0 hand axe of chaos!
The gnoll looks weaker.
You hit the gnoll with your +0 hand axe of chaos.
You drain the gnoll.
You feel sick.
Your butterfly disappears in a burst of colours! x3
The gnoll hits you with a +0 flail.
* * * LOW HITPOINT WARNING * * *
The gnoll barely misses you.
You take 6 damage, and have 5/31 hp.
You barely miss the gnoll with your +3 dagger of chaos.
The gnoll is severely wounded.
You slash the gnoll with your +0 hand axe of chaos!
You kill the gnoll!
You slash the gnoll with your +0 hand axe of chaos!
You kill the gnoll!
* * * LOW HITPOINT WARNING * * *
You feel sick.
Your butterfly disappears in a burst of colours! x2
You take 2 damage, and have 3/31 hp.
You aren't carrying any potions.
* * * LOW HITPOINT WARNING * * *
You feel sick.
You take 1 damage, and have 2/31 hp.
* * * LOW HITPOINT WARNING * * *
You feel sick.
Your butterfly disappears in a burst of colours! x3
* * * LOW HITPOINT WARNING * * *
You feel sick.
You take 1 damage, and have 1/31 hp.
You die...
Xom thinks this is hilarious!

###....##.# #.# , #.##.# *
.....####.# #.#, #.##.# *
.....#....# #.# * #.##.# ,
#####..#### #.#, , #.##.# *
###...## #.### ##.##.# ....###
#.#.###.....# ,# #####
#####....##.##..#*##.## #
##...##.....)....##.b...
##......@....).....).....
#.............##..##..... ###
#........b....##...#.....
..#######.............###..######
#.##.................## #..#
#.#..######...##.....# #.<#
.........##########.## #..#
.....###.## ####...# #.##
......##..####....### #.#


There were no monsters in sight!

Vanquished Creatures
  2 adders (D:2)
  2 gnolls (D:2)
  3 dart slugs
  4 endoplasms
  3 giant cockroaches (D:1)
  7 goblins
  4 hobgoblins
  A ball python (D:2)
  4 bats
  3 frilled lizards
  5 kobolds
  5 rats
43 creatures vanquished.

Vanquished Creatures (collateral kills)
  A gnoll (D:2)
1 creature vanquished.

Grand Total: 44 creatures vanquished

Notes
Turn   | Place    | Note
-------+----------+-------------------------------------------
     0 | D:1      | ezpacito the Coglin Chaos Knight began the quest for the
                  | Orb.
     0 | D:1      | Reached XP level 1. HP: 18/18 MP: 1/1
    16 | D:1      | XOM: divination: detect creatures
    77 | D:1      | Reached skill level 1 in Dodging
   107 | D:1      | XOM: 1-stop teleportation journey
   138 | D:1      | Reached XP level 2. HP: 19/24 MP: 2/2
   283 | D:1      | XOM is BORED!
   283 | D:1      | XOM: give mutations
   283 | D:1      | Gained mutation: You passively map a small area around you.
                  | [Xom's mischief]
   283 | D:1      | Gained mutation: Your mind is acute. (Int +4, Str/Dex -1)
                  | [Xom's mischief]
   300 | D:1      | XOM: chaos upgrade
   305 | D:1      | Reached XP level 3. HP: 21/29 MP: 3/3
   346 | D:1      | XOM: god gift: book of Power
   852 | D:2      | Found an iron altar of Okawaru.
  1004 | D:2      | XOM: give mutations
  1004 | D:2      | Gained mutation: Armour fits poorly on your strangely
                  | shaped body. [Xom's mischief]
  1004 | D:2      | Gained mutation: You are frail. (-10% HP) [Xom's mischief]
  1004 | D:2      | Gained mutation: Your muscles are strong. (Str +4, Int/Dex
                  | -1) [Xom's mischief]
  1010 | D:2      | Reached XP level 4. HP: 31/31 MP: 4/4
  1044 | D:2      | Reached skill level 1 in Polearms
  1212 | D:2      | Found a faded altar of an unknown god.
  1345 | D:2      | XOM: summons 1 friendly demon
  1367 | D:2      | XOM: polymorph butterfly -> butterfly
  1378 | D:2      | HP: 1/31 [poisoned by a gnoll]
  1379 | D:2      | Succumbed to a gnoll's poison

Illustrated notes

Levels and vault maps discovered:
D:1:      dpeg_arrival_arbitrary_a, layout_basic
D:2:      layout_rooms, shapermc_ecumenical_altar_mp_ritualfount, basic_altar,
          patterned_corridor

Skill      XL: |  1  2  3  4 |
---------------+-------------+-----
Dodging        | 1 |  1.9
Armour         | 2 |  2.2
Polearms       | 1 |  1.2
Fighting       | |  3.5
Axes           | |  3.4
Stealth        | |  0.4
Spellcasting   | |  0.5

Action                     |  1- 3 |  4- 6 || total
---------------------------+-------+-------++-------
  Melee: Dagger            |    50 |    23 ||    73
         Hand axe          |    53 |    23 ||    76
    Use: Potion            |       |     3 ||     3
         Scroll            |       |     2 ||     2
 Armour: Leather armour    |    23 |       ||    23
         Chain mail        |    16 |    35 ||    51
  Dodge: Dodged            |    25 |     9 ||    34

Table legend: (Time is in decaauts)
 A = Elapsed time spent in this place.
 B = Non-inter-level travel time spent in this place.
 C = Inter-level travel time spent in this place.
 D = Time resting spent in this place.
 E = Time spent auto-exploring this place.
 F = Levels seen in this place.
 G = Mean time per level.
                   A        B        C        D        E       F      G
               +--------+--------+--------+--------+--------+-----+--------+
         Total |   1384 |   1277 |    107 |      0 |    997 |   2 |  692.0 |
       Dungeon |   1384 |   1277 |    107 |      0 |    997 |   2 |  692.0 |
               +--------+--------+--------+--------+--------+-----+--------+

Top non-repeatable levels by time:
     D:1: 852 daAuts
     D:2: 532 daAuts
